Login

Florida Panthers vs Toronto Maple Leafs

Created - May 3, 2024 at 22:22

Goals
1 2 3 T
Florida Panthers 2 1 2 5
Toronto Maple Leafs 2 0 0 2
Shots
1 2 3 T
Florida Panthers 12 7 8 27
Toronto Maple Leafs 12 6 6 24

GoalsPenalties
1st period
1. Florida Panthers , Jordan Staal 4 (Tomas Hertl 3, Roman Josi 5) at 2:54
2. Toronto Maple Leafs , Danton Heinen 4 (Brayden Point 7, Alex Pietrangelo 5) at 3:15
3. Florida Panthers , Adrian Kempe 2 (Josh Morrissey 6, Devon Toews 4) at 4:43
4. Toronto Maple Leafs , Nick Suzuki 3 (Brady Tkachuk 3, Justin Schultz 5) at 8:56 (PP)
Adam Larsson (TOR) for Interference (Minor) at 5:41
Joel Eriksson Ek (FLA) for Cross-checking (Minor) at 7:24
Brady Tkachuk (TOR) for Cross-checking (Minor) at 12:25
Jordan Staal (FLA) for Roughing (Minor) at 19:37
2nd period
5. Florida Panthers , Evan Bouchard 1 (Mika Zibanejad 2, Reilly Smith 2) at 18:19
No Penalty
3rd period
6. Florida Panthers , Joel Eriksson Ek 1 (Roman Josi 6) at 2:12
7. Florida Panthers , Timo Meier 1 (Steven Stamkos 5) at 19:00
Adam Larsson (TOR) for Fighting (Major) at 13:57
Adrian Kempe (FLA) for Fighting (Major) at 13:57
Goalie Stats
Connor Hellebuyck (FLA), 22 saves from 24 shots - (0.917), W, 4-2-0, 60:00 minutes
Thatcher Demko (TOR), 22 saves from 27 shots - (0.815), L, 2-4-0, 60:00 minutes
3 StarsOfficial
1 - Roman Josi (FLA)
2 - Timo Meier (FLA)
3 - Reilly Smith (FLA)
Referees : Unknown
Linesman : Unknown
Game Note
Adrian Kempe beats up Adam Larsson at 13:57 of 3rd period
Finance
Level 1 -- Attendance: 6000 (100.00%) -- Ticket Income $408,000
Level 2 -- Attendance: 5000 (100.00%) -- Ticket Income $275,000
Level 3 -- Attendance: 2000 (100.00%) -- Ticket Income $62,000
Level 4 -- Attendance: 4000 (100.00%) -- Ticket Income $88,000
Luxury Box -- Attendance: 1000 (100.00%) -- Ticket Income $135,000
Game was played at the Air Canada Center.
Total Attendance: 18000 (100.00%)
Total Ticket Income: $968,000
Total Income: $968,000



Team Name Goals Shots Shots Attemp Shots Blocked PIM HIT PP PK FO%
Florida Panthers 5275059270 / 2 (0%)155%
Toronto Maple Leafs 2244579181 / 2 (50%)045%

Florida Panthers
Player Name POS G A P +/- PIM HIT SHT SB MP PP MP PP SHT PK MP PK SHT FO% FOT
Adrian KempeLW/RW1012533015:331:2600:0000% 1
Andrei KuzmenkoLW/RW0001001118:372:1610:340100% 2
Brenden DillonD0001010014:570:0001:5600% 0
Devon ToewsD0111011020:420:0001:1900% 0
Erik KarlssonD0002023022:552:1610:0000% 0
Evan BouchardD1011002114:570:0001:5600% 0
J.T. CompherC/LW/RW000000006:570:0000:3900% 0
Jean-Gabriel PageauC000000009:090:0201:34050% 8
Joel Eriksson EkC/LW1011232016:310:0100:5500% 1
Jordan StaalC1011231016:320:0000:46058% 19
Josh MorrisseyD0111022021:491:2600:0000% 0
Mika ZibanejadC0112031017:392:1610:00043% 14
Reilly SmithLW/RW0112031017:232:1600:0000% 2
Roman JosiD0222001322:241:2601:1900% 0
Steven StamkosC/RW0111013016:591:2410:00063% 19
Timo MeierLW/RW1011021016:591:2400:000100% 1
Tomas HertlC/LW/RW0111014018:032:1600:00060% 5
William CarrierLW000002108:200:0002:020100% 2
Toronto Maple Leafs
Player Name POS G A P +/- PIM HIT SHT SB MP PP MP PP SHT PK MP PK SHT FO% FOT
Adam LarssonD000-1742020:170:0001:1400% 0
Alex PietrangeloD0110002325:341:2102:4400% 0
Andrew MangiapaneLW/RW000-2010017:231:3200:0000% 0
Barrett HaytonC/LW/RW000-2011021:321:3201:31063% 8
Blake ColemanC/LW/RW000-2031017:140:0001:23033% 24
Brady TkachukLW011-1225018:191:4320:4800% 0
Brayden PointC/RW0110005020:371:4300:11055% 20
Danton HeinenC/LW/RW101100103:340:0000:0000% 0
Justin SchultzD011-1012015:231:2100:0000% 0
Mathieu JosephLW/RW000-2010016:540:0001:0300% 2
Mats ZuccarelloLW/RW000-1000017:271:5400:0000% 0
Matt BenningD000-2021117:090:0001:1200% 0
Nick SuzukiC/RW101-2003019:321:4310:00050% 14
Nicolas DeslauriersLW000000012:280:0002:2800% 0
Noah DobsonD000-2021221:191:5400:3900% 0
Paul CotterC/LW000100003:340:0000:00033% 3
Rickard RakellLW000-2000019:211:3200:00033% 3
Ryan McDonaghD000-2010018:220:0001:3500% 0

Florida Panthers

5 vs 5 Forward
Line #Left WingCenterRight WingPHYDFOFWanted %Time %Time Play
1Reilly SmithMika ZibanejadAdrian Kempe0233029%15:07
2Joel Eriksson EkSteven StamkosTimo Meier0233030%15:35
3Tomas HertlJordan StaalAndrei Kuzmenko0143030%15:47
4William CarrierJean-Gabriel PageauJ.T. Compher0321012%6:18
5 vs 5 Defense
Line #DefenseDefensePHYDFOFWanted %Time %Time Play
1Roman JosiErik Karlsson0414037%19:39
2Devon ToewsJosh Morrissey0414036%19:07
3Evan BouchardBrenden Dillon0412025%13:01
4Josh MorrisseyErik Karlsson04102%1:00
Power Play Forward
Line #Left WingCenterRight WingPHYDFOFWanted %Time %Time Play
1Adrian KempeSteven StamkosTimo Meier0056039%1:26
2Reilly SmithTomas HertlAndrei Kuzmenko0054061%2:16
Power Play Defense
Line #DefenseDefensePHYDFOFWanted %Time %Time Play
1Mika ZibanejadErik Karlsson0056061%2:16
2Roman JosiJosh Morrissey0054039%1:26
Penalty Kill 4 Players Forward
Line #CenterWingPHYDFOFWanted %Time %Time Play
1Jordan StaalJoel Eriksson Ek0505052%1:41
2Jean-Gabriel PageauWilliam Carrier0505048%1:34
Penalty Kill 4 Players Defense
Line #DefenseDefensePHYDFOFWanted %Time %Time Play
1Devon ToewsRoman Josi0505041%1:19
2Evan BouchardBrenden Dillon0505059%1:56
Penalty Kill 3 Players
Line #WingPHYDFOFWanted %Time %Time PlayDefenseDefensePHYDFOFWanted %Time %Time Play
1Jordan Staal050500%0:00 Devon ToewsRoman Josi050500%0:00
2Jean-Gabriel Pageau050500%0:00 Evan BouchardBrenden Dillon050500%0:00
4 vs 4 Forward
Line #CenterWingPHYDFOFWanted %Time %Time Play
1Mika ZibanejadAdrian Kempe03250100%0:16
2Steven StamkosTimo Meier032500%0:00
4 vs 4 Defense
Line #DefensePHYDFOFWanted %Time %Time Play
1Erik KarlssonRoman Josi032500%50% - 0:00
2Josh MorrisseyDevon Toews03250100%50% - 0:16
Last Minutes Offensive
Left WingCenterRight WingDefenseDefense
Timo MeierSteven StamkosAdrian KempeMika ZibanejadErik Karlsson
Last Minutes Defensive
Left WingCenterRight WingDefenseDefense
Joel Eriksson EkJordan StaalJean-Gabriel PageauDevon ToewsBrenden Dillon
Time
Total ForwardTotal DefenseLast Minutes OffensiveLast Minutes Defensive
60:00 60:00 0:000:00
Extra Forwards
Normal PowerPlayPenalty Kill
Jean-Gabriel Pageau, Jordan Staal, William CarrierJoel Eriksson Ek, Jean-Gabriel PageauWilliam Carrier
Extra Defensemen
Normal PowerPlayPenalty Kill
Devon Toews, Evan Bouchard, Brenden DillonDevon Toews, Josh MorrisseyErik Karlsson
Penalty Shots
Andrei Kuzmenko, Adrian Kempe, Joel Eriksson Ek, Steven Stamkos, Mika Zibanejad
Goalie
Connor Hellebuyck, Jaroslav Halak
Scratches
Seth Jarvis (Healthy), FLA Cap Hit (Suspend), Shane Pinto (Healthy)

Toronto Maple Leafs

5 vs 5 Forward
Line #Left WingCenterRight WingPHYDFOFWanted %Time %Time Play
1Brady TkachukBrayden PointMats Zuccarello1133529%15:33
2Rickard RakellNick SuzukiBarrett Hayton1223034%17:49
3Andrew MangiapaneBlake ColemanMathieu Joseph1222530%15:51
4Danton HeinenPaul CotterBrayden Point221107%3:34
5 vs 5 Defense
Line #DefenseDefensePHYDFOFWanted %Time %Time Play
1Adam LarssonAlex Pietrangelo1313535%18:40
2Ryan McDonaghNoah Dobson1313032%16:47
3Justin SchultzMatt Benning0232527%14:02
4Adam LarssonAlex Pietrangelo131106%3:18
Power Play Forward
Line #Left WingCenterRight WingPHYDFOFWanted %Time %Time Play
1Brady TkachukBrayden PointNick Suzuki0146053%1:43
2Rickard RakellBarrett HaytonAndrew Mangiapane0144047%1:32
Power Play Defense
Line #DefenseDefensePHYDFOFWanted %Time %Time Play
1Mats ZuccarelloNoah Dobson0236058%1:54
2Justin SchultzAlex Pietrangelo0234042%1:21
Penalty Kill 4 Players Forward
Line #CenterWingPHYDFOFWanted %Time %Time Play
1Barrett HaytonMathieu Joseph0416063%2:19
2Blake ColemanNicolas Deslauriers0414037%1:23
Penalty Kill 4 Players Defense
Line #DefenseDefensePHYDFOFWanted %Time %Time Play
1Adam LarssonAlex Pietrangelo0506079%2:55
2Ryan McDonaghMatt Benning0504021%0:47
Penalty Kill 3 Players
Line #WingPHYDFOFWanted %Time %Time PlayDefenseDefensePHYDFOFWanted %Time %Time Play
1Barrett Hayton050600%0:00 Matt BenningAdam Larsson050600%0:00
2Mathieu Joseph050400%0:00 Ryan McDonaghAlex Pietrangelo050400%0:00
4 vs 4 Forward
Line #CenterWingPHYDFOFWanted %Time %Time Play
1Brayden PointBrady Tkachuk12260100%0:16
2Barrett HaytonMats Zuccarello122400%0:00
4 vs 4 Defense
Line #DefensePHYDFOFWanted %Time %Time Play
1Ryan McDonaghAlex Pietrangelo122600%60% - 0:00
2Adam LarssonMatt Benning12240100%40% - 0:16
Last Minutes Offensive
Left WingCenterRight WingDefenseDefense
Nick SuzukiBrayden PointMats ZuccarelloNoah DobsonAlex Pietrangelo
Last Minutes Defensive
Left WingCenterRight WingDefenseDefense
Blake ColemanBarrett HaytonMathieu JosephRyan McDonaghAlex Pietrangelo
Time
Total ForwardTotal DefenseLast Minutes OffensiveLast Minutes Defensive
60:00 60:00 0:000:00
Extra Forwards
Normal PowerPlayPenalty Kill
Barrett Hayton, Mats Zuccarello, Blake ColemanMathieu Joseph, Andrew MangiapaneNicolas Deslauriers
Extra Defensemen
Normal PowerPlayPenalty Kill
Alex Pietrangelo, Matt Benning, Noah DobsonAlex Pietrangelo, Noah DobsonAlex Pietrangelo
Penalty Shots
Brayden Point, Blake Coleman, Mats Zuccarello, Brady Tkachuk, Nick Suzuki
Goalie
Thatcher Demko, Elvis Merzlikins
Scratches
TOR Cap Hit (Suspend)


Play-by-Play

1st period


0:01 of 1st period - Brayden Point wins face-off versus Mika Zibanejad in neutral zone.
0:32 of 1st period - Brayden Point is hit by Reilly Smith and loses puck.
1:18 of 1st period - Off-side.
1:19 of 1st period - Jordan Staal wins face-off versus Blake Coleman in neutral zone.
1:34 of 1st period - Shot by Evan Bouchard.
1:34 of 1st period - Shot Misses the Net.
1:44 of 1st period - Shot by Evan Bouchard.
1:44 of 1st period - Stopped by Thatcher Demko without a rebound.
1:45 of 1st period - Jean-Gabriel Pageau wins face-off versus Nick Suzuki in Toronto Maple Leafs zone.
2:20 of 1st period - Shot by Barrett Hayton.
2:20 of 1st period - Shot Misses the Net.
2:31 of 1st period - Off-side.
2:32 of 1st period - Jordan Staal wins face-off versus Blake Coleman in neutral zone.
2:50 of 1st period - Shot by Tomas Hertl.
2:50 of 1st period - Stopped by Thatcher Demko with a rebound.
2:52 of 1st period - Shot by Jordan Staal.
2:52 of 1st period - Deflect By Tomas Hertl.
2:52 of 1st period - Stopped by Thatcher Demko with a rebound.
2:54 of 1st period - Shot by Jordan Staal.
2:54 of 1st period - Goal by Jordan Staal - Florida Panthers : 1 - Toronto Maple Leafs : 0.
2:55 of 1st period - Steven Stamkos wins face-off versus Paul Cotter in neutral zone.
3:13 of 1st period - Shot by Brayden Point.
3:13 of 1st period - Shot Misses the Net.
3:15 of 1st period - Shot by Danton Heinen.
3:15 of 1st period - Goal by Danton Heinen - Florida Panthers : 1 - Toronto Maple Leafs : 1.
3:16 of 1st period - Blake Coleman wins face-off versus Mika Zibanejad in neutral zone.
3:16 of 1st period - Blake Coleman is hit by Mika Zibanejad.
3:19 of 1st period - Off-side.
3:20 of 1st period - Nick Suzuki wins face-off versus Jordan Staal in neutral zone.
4:43 of 1st period - Shot by Adrian Kempe.
4:43 of 1st period - Goal by Adrian Kempe - Florida Panthers : 2 - Toronto Maple Leafs : 1.
4:44 of 1st period - Steven Stamkos wins face-off versus Blake Coleman in neutral zone.
5:09 of 1st period - Shot by Mathieu Joseph.
5:09 of 1st period - Shot Misses the Net.
5:19 of 1st period - Mathieu Joseph is hit by Joel Eriksson Ek and loses puck.
5:28 of 1st period - Evan Bouchard is hit by Mathieu Joseph and loses puck.
5:39 of 1st period - Adam Larsson is hit by Steven Stamkos and loses puck.
5:41 of 1st period - Minor Penalty to Adam Larsson for Interference.
5:42 of 1st period - Barrett Hayton wins face-off versus Tomas Hertl in Toronto Maple Leafs zone.
7:03 of 1st period - Shot by Josh Morrissey.
7:03 of 1st period - Shot Misses the Net.
7:20 of 1st period - Shot by Erik Karlsson.
7:20 of 1st period - Shot Blocked by Nicolas Deslauriers.
7:22 of 1st period - Shot by Mika Zibanejad.
7:22 of 1st period - Stopped by Thatcher Demko without a rebound.
7:23 of 1st period - Barrett Hayton wins face-off versus Joel Eriksson Ek in Toronto Maple Leafs zone.
7:23 of 1st period - Barrett Hayton is hit by Adrian Kempe.
7:24 of 1st period - Minor Penalty to Joel Eriksson Ek for Cross-checking.
7:25 of 1st period - Brayden Point wins face-off versus Mika Zibanejad in Florida Panthers zone.
7:41 of 1st period - Brayden Point is hit by William Carrier and loses puck.
8:40 of 1st period - Shot by Brady Tkachuk.
8:40 of 1st period - Stopped by Connor Hellebuyck without a rebound.
8:41 of 1st period - Brayden Point wins face-off versus Jean-Gabriel Pageau in Florida Panthers zone.
8:54 of 1st period - Shot by Brady Tkachuk.
8:54 of 1st period - Stopped by Connor Hellebuyck with a rebound.
8:56 of 1st period - Shot by Nick Suzuki.
8:56 of 1st period - Goal by Nick Suzuki - Florida Panthers : 2 - Toronto Maple Leafs : 2.
8:57 of 1st period - Mika Zibanejad wins face-off versus Blake Coleman in neutral zone.
9:00 of 1st period - Shot by Erik Karlsson.
9:00 of 1st period - Stopped by Thatcher Demko with a rebound.
10:15 of 1st period - Nick Suzuki is hit by Josh Morrissey and loses puck.
10:28 of 1st period - Shot by Adam Larsson.
10:28 of 1st period - Stopped by Connor Hellebuyck with a rebound.
10:36 of 1st period - Shot by Brayden Point.
10:36 of 1st period - Stopped by Connor Hellebuyck with a rebound.
10:38 of 1st period - Shot by Adam Larsson.
10:38 of 1st period - Shot Misses the Net.
10:47 of 1st period - Icing by Devon Toews.
10:48 of 1st period - Brayden Point wins face-off versus Jordan Staal in Florida Panthers zone.
10:51 of 1st period - Shot by Justin Schultz.
10:51 of 1st period - Stopped by Connor Hellebuyck with a rebound.
10:55 of 1st period - Shot by Brayden Point.
10:55 of 1st period - Shot Misses the Net.
10:57 of 1st period - Shot by Brady Tkachuk.
10:57 of 1st period - Shot Blocked by Andrei Kuzmenko.
11:02 of 1st period - Icing by Devon Toews.
11:03 of 1st period - Jordan Staal wins face-off versus Blake Coleman in Florida Panthers zone.
11:03 of 1st period - Jordan Staal is hit by Andrew Mangiapane.
11:34 of 1st period - Icing by Blake Coleman.
11:35 of 1st period - Steven Stamkos wins face-off versus Blake Coleman in Toronto Maple Leafs zone.
11:50 of 1st period - Timo Meier is hit by Adam Larsson.
12:23 of 1st period - Steven Stamkos is hit by Brady Tkachuk and loses puck.
12:25 of 1st period - Minor Penalty to Brady Tkachuk for Cross-checking.
12:26 of 1st period - Tomas Hertl wins face-off versus Barrett Hayton in Toronto Maple Leafs zone.
12:51 of 1st period - Shot by Erik Karlsson.
12:51 of 1st period - Shot Blocked by Matt Benning.
12:53 of 1st period - Shot by Andrei Kuzmenko.
12:53 of 1st period - Stopped by Thatcher Demko without a rebound.
12:54 of 1st period - Barrett Hayton wins face-off versus Steven Stamkos in Toronto Maple Leafs zone.
13:20 of 1st period - Mathieu Joseph is hit by Timo Meier and loses puck.
13:25 of 1st period - Shot by Adrian Kempe.
13:25 of 1st period - Deflect By Steven Stamkos.
13:25 of 1st period - Stopped by Thatcher Demko without a rebound.
13:26 of 1st period - Tomas Hertl wins face-off versus Blake Coleman in Toronto Maple Leafs zone.
13:27 of 1st period - Shot by Erik Karlsson.
13:27 of 1st period - Stopped by Thatcher Demko without a rebound.
13:28 of 1st period - Tomas Hertl wins face-off versus Blake Coleman in Toronto Maple Leafs zone.
14:03 of 1st period - Shot by Mika Zibanejad.
14:03 of 1st period - Shot Misses the Net.
14:21 of 1st period - Icing by Timo Meier.
14:22 of 1st period - Barrett Hayton wins face-off versus Steven Stamkos in Florida Panthers zone.
14:43 of 1st period - Shot by Brady Tkachuk.
14:43 of 1st period - Shot Misses the Net.
14:45 of 1st period - Shot by Brayden Point.
14:45 of 1st period - Stopped by Connor Hellebuyck without a rebound.
14:46 of 1st period - Nick Suzuki wins face-off versus Steven Stamkos in Florida Panthers zone.
15:11 of 1st period - Shot by Nick Suzuki.
15:11 of 1st period - Stopped by Connor Hellebuyck with a rebound.
15:13 of 1st period - Shot by Justin Schultz.
15:13 of 1st period - Stopped by Connor Hellebuyck without a rebound.
15:14 of 1st period - Brayden Point wins face-off versus Mika Zibanejad in Florida Panthers zone.
15:43 of 1st period - Shot by Reilly Smith.
15:43 of 1st period - Shot Blocked by Alex Pietrangelo.
16:09 of 1st period - Shot by Erik Karlsson.
16:09 of 1st period - Stopped by Thatcher Demko without a rebound.
16:10 of 1st period - Nick Suzuki wins face-off versus Jordan Staal in Toronto Maple Leafs zone.
16:10 of 1st period - Nick Suzuki is hit by Tomas Hertl.
16:13 of 1st period - Icing by Noah Dobson.
16:14 of 1st period - Andrei Kuzmenko wins face-off versus Rickard Rakell in Toronto Maple Leafs zone.
16:19 of 1st period - Shot by Jordan Staal.
16:19 of 1st period - Shot Misses the Net.
16:22 of 1st period - Icing by Ryan McDonagh.
16:23 of 1st period - Steven Stamkos wins face-off versus Nick Suzuki in Toronto Maple Leafs zone.
16:40 of 1st period - Shot by Barrett Hayton.
16:40 of 1st period - Stopped by Connor Hellebuyck without a rebound.
16:41 of 1st period - Blake Coleman wins face-off versus Tomas Hertl in Florida Panthers zone.
17:09 of 1st period - Andrei Kuzmenko is hit by Adam Larsson and loses puck.
17:14 of 1st period - Shot by Tomas Hertl.
17:14 of 1st period - Shot Misses the Net.
17:37 of 1st period - Off-side.
17:38 of 1st period - Mika Zibanejad wins face-off versus Brayden Point in neutral zone.
17:49 of 1st period - Shot by Brayden Point.
17:49 of 1st period - Stopped by Connor Hellebuyck without a rebound.
17:50 of 1st period - Nick Suzuki wins face-off versus Steven Stamkos in Florida Panthers zone.
17:51 of 1st period - Shot by Rickard Rakell.
17:51 of 1st period - Shot Blocked by Roman Josi.
18:53 of 1st period - Alex Pietrangelo is hit by Joel Eriksson Ek and loses puck.
19:05 of 1st period - Shot by Brayden Point.
19:05 of 1st period - Shot Misses the Net.
19:20 of 1st period - Icing by Alex Pietrangelo.
19:21 of 1st period - Mika Zibanejad wins face-off versus Brayden Point in Toronto Maple Leafs zone.
19:28 of 1st period - Shot by Adrian Kempe.
19:28 of 1st period - Shot Misses the Net.
19:30 of 1st period - Shot by Mika Zibanejad.
19:30 of 1st period - Shot Blocked by Alex Pietrangelo.
19:32 of 1st period - Shot by Josh Morrissey.
19:32 of 1st period - Shot Misses the Net.
19:34 of 1st period - Shot by Devon Toews.
19:34 of 1st period - Stopped by Thatcher Demko without a rebound.
19:35 of 1st period - Jordan Staal wins face-off versus Blake Coleman in Toronto Maple Leafs zone.
19:37 of 1st period - Minor Penalty to Jordan Staal for Roughing.
19:38 of 1st period - Barrett Hayton wins face-off versus Jean-Gabriel Pageau in Florida Panthers zone.
19:48 of 1st period - Off-side.
19:49 of 1st period - Jean-Gabriel Pageau wins face-off versus Barrett Hayton in neutral zone.
Goals for this period are 2 for Florida Panthers vs 2 for Toronto Maple Leafs.
Shots for this period are 12 for Florida Panthers vs 12 for Toronto Maple Leafs.

2nd period


0:01 of 2nd period - William Carrier wins face-off versus Brayden Point in neutral zone.
1:20 of 2nd period - Shot by Barrett Hayton.
1:20 of 2nd period - Shot Misses the Net.
1:32 of 2nd period - Shot by Andrew Mangiapane.
1:32 of 2nd period - Deflect By Rickard Rakell.
1:32 of 2nd period - Shot Misses the Net.
3:13 of 2nd period - Icing by Noah Dobson.
3:14 of 2nd period - Rickard Rakell wins face-off versus Steven Stamkos in Toronto Maple Leafs zone.
5:41 of 2nd period - Evan Bouchard is hit by Noah Dobson and loses puck.
6:10 of 2nd period - Shot by Brayden Point.
6:10 of 2nd period - Deflect By Brady Tkachuk.
6:10 of 2nd period - Stopped by Connor Hellebuyck with a rebound.
6:21 of 2nd period - Shot by Justin Schultz.
6:21 of 2nd period - Shot Misses the Net.
6:23 of 2nd period - Shot by Matt Benning.
6:23 of 2nd period - Stopped by Connor Hellebuyck without a rebound.
6:24 of 2nd period - Blake Coleman wins face-off versus Mika Zibanejad in Florida Panthers zone.
6:27 of 2nd period - Shot by Andrew Mangiapane.
6:27 of 2nd period - Shot Misses the Net.
6:29 of 2nd period - Shot by Blake Coleman.
6:29 of 2nd period - Shot Blocked by Roman Josi.
6:31 of 2nd period - Shot by Adam Larsson.
6:31 of 2nd period - Stopped by Connor Hellebuyck with a rebound.
7:18 of 2nd period - Matt Benning is hit by Reilly Smith and loses puck.
8:38 of 2nd period - Off-side.
8:39 of 2nd period - Jordan Staal wins face-off versus Blake Coleman in neutral zone.
8:41 of 2nd period - Off-side.
8:42 of 2nd period - Jordan Staal wins face-off versus Blake Coleman in neutral zone.
8:45 of 2nd period - Shot by Tomas Hertl.
8:45 of 2nd period - Shot Misses the Net.
9:01 of 2nd period - Shot by Tomas Hertl.
9:01 of 2nd period - Stopped by Thatcher Demko with a rebound.
9:04 of 2nd period - Icing by Mathieu Joseph.
9:05 of 2nd period - Steven Stamkos wins face-off versus Mathieu Joseph in Toronto Maple Leafs zone.
9:11 of 2nd period - Timo Meier is hit by Adam Larsson and loses puck.
9:18 of 2nd period - Shot by Joel Eriksson Ek.
9:18 of 2nd period - Stopped by Thatcher Demko without a rebound.
9:19 of 2nd period - Brayden Point wins face-off versus Jordan Staal in Toronto Maple Leafs zone.
9:52 of 2nd period - Shot by Mats Zuccarello.
9:52 of 2nd period - Deflect By Brayden Point.
9:52 of 2nd period - Shot Blocked by Evan Bouchard.
9:54 of 2nd period - Shot by Matt Benning.
9:54 of 2nd period - Shot Misses the Net.
10:01 of 2nd period - Icing by Andrei Kuzmenko.
10:02 of 2nd period - Jordan Staal wins face-off versus Barrett Hayton in Florida Panthers zone.
10:35 of 2nd period - Shot by Barrett Hayton.
10:35 of 2nd period - Shot Misses the Net.
11:44 of 2nd period - Shot by Brady Tkachuk.
11:44 of 2nd period - Stopped by Connor Hellebuyck without a rebound.
11:45 of 2nd period - Jean-Gabriel Pageau wins face-off versus Brayden Point in Florida Panthers zone.
12:02 of 2nd period - Shot by William Carrier.
12:02 of 2nd period - Stopped by Thatcher Demko without a rebound.
12:03 of 2nd period - Nick Suzuki wins face-off versus Jordan Staal in Toronto Maple Leafs zone.
12:27 of 2nd period - Icing by Rickard Rakell.
12:28 of 2nd period - Nick Suzuki wins face-off versus Mika Zibanejad in Toronto Maple Leafs zone.
12:30 of 2nd period - Rickard Rakell is hit by Adrian Kempe and loses puck.
13:09 of 2nd period - Shot by Adrian Kempe.
13:09 of 2nd period - Stopped by Thatcher Demko without a rebound.
13:10 of 2nd period - Brayden Point wins face-off versus Steven Stamkos in Toronto Maple Leafs zone.
13:18 of 2nd period - Off-side.
13:19 of 2nd period - Jordan Staal wins face-off versus Brayden Point in neutral zone.
13:30 of 2nd period - Shot by Noah Dobson.
13:30 of 2nd period - Stopped by Connor Hellebuyck without a rebound.
13:31 of 2nd period - Steven Stamkos wins face-off versus Mathieu Joseph in Florida Panthers zone.
14:39 of 2nd period - Shot by Brayden Point.
14:39 of 2nd period - Stopped by Connor Hellebuyck without a rebound.
14:40 of 2nd period - Mika Zibanejad wins face-off versus Nick Suzuki in Florida Panthers zone.
14:40 of 2nd period - Mika Zibanejad is hit by Barrett Hayton.
15:51 of 2nd period - Andrei Kuzmenko is hit by Adam Larsson and loses puck.
16:00 of 2nd period - Shot by Tomas Hertl.
16:00 of 2nd period - Stopped by Thatcher Demko without a rebound.
16:01 of 2nd period - Steven Stamkos wins face-off versus Blake Coleman in Toronto Maple Leafs zone.
16:15 of 2nd period - Icing by Justin Schultz.
16:16 of 2nd period - Blake Coleman wins face-off versus Jean-Gabriel Pageau in Toronto Maple Leafs zone.
16:16 of 2nd period - Blake Coleman is hit by William Carrier.
17:30 of 2nd period - Brayden Point is hit by Josh Morrissey and loses puck.
18:09 of 2nd period - Shot by Reilly Smith.
18:09 of 2nd period - Shot Blocked by Noah Dobson.
18:17 of 2nd period - Shot by Mika Zibanejad.
18:17 of 2nd period - Shot Misses the Net.
18:19 of 2nd period - Shot by Evan Bouchard.
18:19 of 2nd period - Goal by Evan Bouchard - Florida Panthers : 3 - Toronto Maple Leafs : 2.
18:20 of 2nd period - Steven Stamkos wins face-off versus Paul Cotter in neutral zone.
18:36 of 2nd period - Shot by Roman Josi.
18:36 of 2nd period - Stopped by Thatcher Demko without a rebound.
18:37 of 2nd period - Blake Coleman wins face-off versus Mika Zibanejad in Toronto Maple Leafs zone.
19:12 of 2nd period - Reilly Smith is hit by Blake Coleman and loses puck.
19:40 of 2nd period - Nick Suzuki is hit by Devon Toews and loses puck.
Goals for this period are 1 for Florida Panthers vs 0 for Toronto Maple Leafs.
Shots for this period are 7 for Florida Panthers vs 6 for Toronto Maple Leafs.

3rd period


0:01 of 3rd period - Jordan Staal wins face-off versus Brayden Point in neutral zone.
0:04 of 3rd period - Shot by Andrei Kuzmenko.
0:04 of 3rd period - Shot Misses the Net.
0:06 of 3rd period - Shot by Josh Morrissey.
0:06 of 3rd period - Stopped by Thatcher Demko without a rebound.
0:07 of 3rd period - Brayden Point wins face-off versus Jordan Staal in Toronto Maple Leafs zone.
1:12 of 3rd period - Shot by Nick Suzuki.
1:12 of 3rd period - Stopped by Connor Hellebuyck without a rebound.
1:13 of 3rd period - Mika Zibanejad wins face-off versus Blake Coleman in Florida Panthers zone.
1:13 of 3rd period - Reilly Smith is hit by Blake Coleman and loses puck.
1:29 of 3rd period - Adrian Kempe is hit by Justin Schultz and loses puck.
2:12 of 3rd period - Shot by Joel Eriksson Ek.
2:12 of 3rd period - Goal by Joel Eriksson Ek - Florida Panthers : 4 - Toronto Maple Leafs : 2.
2:13 of 3rd period - Paul Cotter wins face-off versus Steven Stamkos in neutral zone.
2:13 of 3rd period - Paul Cotter is hit by Joel Eriksson Ek.
2:19 of 3rd period - Shot by Alex Pietrangelo.
2:19 of 3rd period - Stopped by Connor Hellebuyck with a rebound.
2:43 of 3rd period - Shot by Alex Pietrangelo.
2:43 of 3rd period - Stopped by Connor Hellebuyck without a rebound.
2:44 of 3rd period - Jordan Staal wins face-off versus Nick Suzuki in Florida Panthers zone.
3:09 of 3rd period - Ryan McDonagh is hit by Jordan Staal and loses puck.
4:04 of 3rd period - Steven Stamkos is hit by Blake Coleman.
4:10 of 3rd period - Shot by Blake Coleman.
4:10 of 3rd period - Stopped by Connor Hellebuyck with a rebound.
4:18 of 3rd period - Shot by Timo Meier.
4:18 of 3rd period - Deflect By Steven Stamkos.
4:18 of 3rd period - Shot Misses the Net.
4:20 of 3rd period - Shot by Josh Morrissey.
4:20 of 3rd period - Shot Misses the Net.
4:22 of 3rd period - Shot by Steven Stamkos.
4:22 of 3rd period - Stopped by Thatcher Demko without a rebound.
4:23 of 3rd period - Brayden Point wins face-off versus Reilly Smith in Toronto Maple Leafs zone.
4:45 of 3rd period - Icing by Justin Schultz.
4:46 of 3rd period - Jean-Gabriel Pageau wins face-off versus Brayden Point in Toronto Maple Leafs zone.
4:56 of 3rd period - Icing by Jean-Gabriel Pageau.
4:57 of 3rd period - William Carrier wins face-off versus Nick Suzuki in Florida Panthers zone.
5:39 of 3rd period - Barrett Hayton is hit by Erik Karlsson and loses puck.
6:22 of 3rd period - Shot by Timo Meier.
6:22 of 3rd period - Shot Misses the Net.
6:36 of 3rd period - Shot by Steven Stamkos.
6:36 of 3rd period - Stopped by Thatcher Demko without a rebound.
6:37 of 3rd period - Brayden Point wins face-off versus Jordan Staal in Toronto Maple Leafs zone.
6:37 of 3rd period - Brayden Point is hit by Jordan Staal.
6:43 of 3rd period - Tomas Hertl is hit by Brady Tkachuk and loses puck.
7:10 of 3rd period - Shot by Brayden Point.
7:10 of 3rd period - Stopped by Connor Hellebuyck with a rebound.
7:20 of 3rd period - Adam Larsson is hit by Jordan Staal and loses puck.
7:35 of 3rd period - Off-side.
7:36 of 3rd period - Steven Stamkos wins face-off versus Blake Coleman in neutral zone.
7:40 of 3rd period - Icing by Matt Benning.
7:41 of 3rd period - Blake Coleman wins face-off versus Adrian Kempe in Toronto Maple Leafs zone.
7:41 of 3rd period - Blake Coleman is hit by Reilly Smith.
8:21 of 3rd period - Matt Benning is hit by Adrian Kempe and loses puck.
8:56 of 3rd period - Shot by Paul Cotter.
8:56 of 3rd period - Shot Blocked by Roman Josi.
9:51 of 3rd period - Barrett Hayton is hit by Brenden Dillon and loses puck.
10:07 of 3rd period - Jordan Staal is hit by Ryan McDonagh and loses puck.
11:36 of 3rd period - Alex Pietrangelo is hit by Timo Meier and loses puck.
12:37 of 3rd period - Shot by Mika Zibanejad.
12:37 of 3rd period - Shot Blocked by Noah Dobson.
12:39 of 3rd period - Shot by Brenden Dillon.
12:39 of 3rd period - Shot Misses the Net.
12:43 of 3rd period - Shot by Reilly Smith.
12:43 of 3rd period - Stopped by Thatcher Demko without a rebound.
12:44 of 3rd period - Brayden Point wins face-off versus Jordan Staal in Toronto Maple Leafs zone.
12:46 of 3rd period - Icing by Brady Tkachuk.
12:47 of 3rd period - Andrei Kuzmenko wins face-off versus Brayden Point in Toronto Maple Leafs zone.
13:04 of 3rd period - Shot by Brady Tkachuk.
13:04 of 3rd period - Stopped by Connor Hellebuyck with a rebound.
13:06 of 3rd period - Shot by Justin Schultz.
13:06 of 3rd period - Shot Misses the Net.
13:08 of 3rd period - Shot by Brayden Point.
13:08 of 3rd period - Shot Misses the Net.
13:16 of 3rd period - Shot by Tomas Hertl.
13:16 of 3rd period - Shot Misses the Net.
13:57 of 3rd period - Adrian Kempe beats up Adam Larsson.
13:57 of 3rd period - Penalty to Adam Larsson for Fighting.
13:57 of 3rd period - Penalty to Adrian Kempe for Fighting.
13:58 of 3rd period - Steven Stamkos wins face-off versus Rickard Rakell in Toronto Maple Leafs zone.
14:06 of 3rd period - Barrett Hayton is hit by Erik Karlsson and loses puck.
14:20 of 3rd period - Off-side.
14:21 of 3rd period - Mika Zibanejad wins face-off versus Blake Coleman in neutral zone.
14:29 of 3rd period - Reilly Smith is hit by Matt Benning and loses puck.
14:36 of 3rd period - Mathieu Joseph is hit by Mika Zibanejad and loses puck.
14:44 of 3rd period - Off-side.
14:45 of 3rd period - Timo Meier wins face-off versus Nick Suzuki in neutral zone.
14:53 of 3rd period - Off-side.
14:54 of 3rd period - Jordan Staal wins face-off versus Brayden Point in neutral zone.
15:18 of 3rd period - Shot by Brayden Point.
15:18 of 3rd period - Shot Misses the Net.
16:04 of 3rd period - Off-side.
16:05 of 3rd period - Blake Coleman wins face-off versus Reilly Smith in neutral zone.
16:16 of 3rd period - Noah Dobson is hit by Mika Zibanejad and loses puck.
17:24 of 3rd period - Timo Meier is hit by Matt Benning and loses puck.
17:44 of 3rd period - Icing by Barrett Hayton.
17:45 of 3rd period - Nick Suzuki wins face-off versus Jean-Gabriel Pageau in Toronto Maple Leafs zone.
18:32 of 3rd period - Shot by Andrei Kuzmenko.
18:32 of 3rd period - Shot Misses the Net.
18:56 of 3rd period - Shot by Tomas Hertl.
18:56 of 3rd period - Shot Blocked by Alex Pietrangelo.
18:58 of 3rd period - Shot by Josh Morrissey.
18:58 of 3rd period - Stopped by Thatcher Demko without a rebound.
18:59 of 3rd period - Steven Stamkos wins face-off versus Blake Coleman in Toronto Maple Leafs zone.
19:00 of 3rd period - Shot by Timo Meier.
19:00 of 3rd period - Goal by Timo Meier - Florida Panthers : 5 - Toronto Maple Leafs : 2.
19:01 of 3rd period - Blake Coleman wins face-off versus Mika Zibanejad in neutral zone.
19:27 of 3rd period - Shot by Adrian Kempe.
19:27 of 3rd period - Stopped by Thatcher Demko without a rebound.
19:28 of 3rd period - Steven Stamkos wins face-off versus Nick Suzuki in Toronto Maple Leafs zone.
19:28 of 3rd period - Steven Stamkos is hit by Noah Dobson.
Goals for this period are 2 for Florida Panthers vs 0 for Toronto Maple Leafs.
Shots for this period are 8 for Florida Panthers vs 6 for Toronto Maple Leafs.